 Dungeon Crawl Stone Soup version 0.17-a0-1368-g6ab37f2 (webtiles) character file.

53 bal the Shooter (level 3, -3/29 HPs)
             Began as a Centaur Hunter on June 12, 2015.
             Slain by a sky beast (6 damage)
             ... on level 3 of the Dungeon.
             The game lasted 00:06:56 (1629 turns).

bal the Shooter (Centaur Hunter)                    Turns: 1629, Time: 00:06:58

Health: -3/29      AC:  4    Str: 15    XL:     3   Next: 64%
Magic:  3/3        EV:  9    Int: 10    God:
Gold:   95         SH:  0    Dex:  9    Spells: 0 memorised, 2 levels left

rFire  . . .     SeeInvis .     x - +0 hand axe
rCold  . . .     Clarity  .     d - +0 leather armour
rNeg   . . .     SustAt   .     (no shield)
rPois  .         Gourm    .     (no helmet)
rElec  .         Spirit   .     (no cloak)
rCorr  .         Warding  .     (no gloves)
rMut   .         Stasis   .     (no barding)
MR     .....                    (no amulet)
Stlth  +.........               (no ring)
                                (no ring)

@: very quick, not resistant to hostile enchantments, very unstealthy
A: hooves 3, deformed body, speed 2, tough skin 3
a: no special abilities


You were on level 3 of the Dungeon.
You were not hungry.

You visited 1 branch of the dungeon, and saw 3 of its levels.

You collected 95 gold pieces.

Inventory:

Hand weapons
 a - a +1 shortbow
 c - a +0 short sword
 j - a +0 hunting sling
 x - a +0 hand axe (weapon)
Missiles
 b - 5 arrows
 i - 13 sling bullets
 r - 3 curare-tipped needles
Armour
 d - a +0 leather armour (worn)
Scrolls
 f - 2 scrolls of teleportation {unknown}
 h - a scroll of blinking {unknown}
 k - 3 scrolls of identify {unknown}
 m - a scroll of remove curse {unknown}
 o - a scroll of random uselessness {unknown}
 q - a scroll of fear {unknown}
 s - a scroll of amnesia {unknown}
Potions
 g - 2 potions of flight {unknown}
 l - a potion of magic {unknown}
 n - a potion of lignification {unknown}
 p - 2 potions of poison {unknown}
 t - a potion of degeneration {unknown}
 v - a potion of brilliance {unknown}
Comestibles
 e - 2 bread rations
 u - a slice of pizza
 w - a beef jerky


   Skills:
 + Level 2.1 Fighting
 + Level 6.4 Bows
 + Level 1.9 Dodging
 + Level 0.6 Stealth
 + Level 0.8 Unarmed Combat


You had 2 spell levels left.
You didn't know any spells.

Dungeon Overview and Level Annotations

Branches:
Dungeon (3/15)

Altars:


Innate Abilities, Weirdness & Mutations

You have hooves in place of feet.
Armour fits poorly on your strangely shaped body.
You cover ground very quickly.
You have extremely tough skin (AC +3).


Message History

A sky beast comes into view.
The bat barely misses you.
You see here a hand axe.
The bat misses you. The bat hits you. The bat barely misses you.
You see here 11 gold pieces.
You barely miss the bat. The bat hits you but does no damage.
The bat closely misses you.
You closely miss the bat. Your kick misses the bat.
The bat hits you but does no damage. The bat hits you.
You hit the bat.
You kill the bat!
You see here a bat corpse.
You hit the sky beast but do no damage. The sky beast hits you.
The sky beast shocks you.
* * * LOW HITPOINT WARNING * * *
The sky beast hits you.
* * * LOW HITPOINT WARNING * * *
The sky beast shocks you.
You die...

#...<.......##
#......#......
#<#......#....
#.#........#..
#.###).......#
#. #........#
##$....#..
#Y..#....
#@#......
#......##
###..### #.#
... ###


You could see a sky beast.

Vanquished Creatures
  2 oozes (D:1)
  A giant gecko (D:1)
  5 giant cockroaches
  6 hobgoblins
  7 kobolds
  9 bats
  A giant newt (D:1)
  6 goblins
  9 rats
46 creatures vanquished.

Notes
Turn   | Place    | Note
--------------------------------------------------------------
     0 | D:1      | bal the Centaur Hunter began the quest for the Orb.
     0 | D:1      | Reached XP level 1. HP: 17/17 MP: 1/1
   106 | D:1      | Reached XP level 2. HP: 21/24 MP: 2/2
   296 | D:1      | Reached skill level 6 in Bows
   887 | D:1      | Reached XP level 3. HP: 22/29 MP: 3/3
  1618 | D:3      | Noticed a sky beast
  1629 | D:3      | Slain by a sky beast

Vault maps used:
D:1:      denvon_arrival_planthouse, serial_bayou_lagoon_a, fountainhead
D:2:      kennysheep_nondescript, kennysheep_crisscross
D:3:      bloody_makhleb, ecumenical_altar_2, first_bread,
          kennysheep_pointless_box, minmay_misc_feat_more_columns,
          grunt_ministairs_12, uniq_purgy, uniq_natasha, uniq_robin

Action                   || total
-------------------------++-------
Melee: Unarmed           ||   130
       Hand axe          ||    11
 Fire: Shortbow          ||    61
  Eat: Chunk             ||     1
